[ AOE2 MATCH · #478628770 ]
UnrankedBritons vs Sicilians
Player's team · LOSS
[ REPLAY ANALYSIS · EXTRACTED FROM THE RECORDED GAME ]
Feudal
8:52
Castle
20:33
Imperial
34:47
| APM avg | 59.0 |
| APM peak | 79 |
| eAPM avg | 26.6 |
| Villagers / military | 142 / 160 |
Focus
⚔️ 53.0% · 🌾 47.0%
Archer ×136 · Spearman ×14 · Skirmisher ×6 · Trebuchet (Packed) ×4
Feudal
10:23
Castle
20:34
Imperial
34:24
| APM avg | 109.3 |
| APM peak | 209 |
| eAPM avg | 65.5 |
| Villagers / military | 185 / 129 |
Focus
⚔️ 70.4% · 🌾 29.6%
Knight ×62 · Skirmisher ×48 · Scout Cavalry ×15 · Monk ×2 · Trebuchet (Packed) ×2
Match map
Initial resources + every placement click. Lines = walls · curves = elevation contours. ◆ gold · ⬟ stone · ● berries · ✦ relic · ◌ wall gap
Your base· Open — unwalled flank
RoR | Hellequinn's base· Open — unwalled flank
Smoothed initial terrain · ◌ = detected wall gap · hover for details
Inputs per minute
— 01DarkDevil - - RoR | Hellequinn
Build order — 01DarkDevil
First 150 of 419 actions detected
| 0:00 | Create | Villager (Male) |
| 0:00 | Create | Villager (Male) |
| 0:00 | Create | Villager (Male) |
| 0:01 | Create | Villager (Male) |
| 0:02 | Build | House |
| 0:03 | Build | House |
| 1:16 | Create | Villager (Male) |
| 1:18 | Build | Lumber Camp |
| 1:46 | Create | Villager (Male) |
| 2:08 | Create | Villager (Male) |
| 2:39 | Create | Villager (Male) |
| 2:47 | Create | Villager (Male) |
| 3:15 | Create | Villager (Male) |
| 3:23 | Build | House |
| 3:38 | Create | Villager (Male) |
| 3:59 | Build | House |
| 4:13 | Build | Mill |
| 4:17 | Create | Villager (Male) |
| 4:45 | Create | Villager (Male) |
| 5:13 | Create | Villager (Male) |
| 5:22 | Create | Villager (Male) |
| 5:26 | Research | Loom |
| 6:42 | Research | Feudal Age |
| 7:25 | Build | Barracks |
| 8:06 | Create | Villager (Male) |
| 8:15 | Build | House |
| 8:43 | Build | House |
| 8:52 | Age | Feudal Age |
| 8:58 | Build | Archery Range |
| 9:02 | Build | House |
| 9:05 | Create | Villager (Male) |
| 9:15 | Research | Double-Bit Axe |
| 9:30 | Create | Villager (Male) |
| 9:38 | Create | Skirmisher |
| 9:39 | Create | Skirmisher |
| 9:39 | Create | Spearman |
| 9:50 | Research | Horse Collar |
| 9:54 | Build | Farm |
| 9:59 | Create | Villager (Male) |
| 10:07 | Create | Skirmisher |
| 10:17 | Build | Palisade Wall |
| 10:22 | Build | Palisade Wall |
| 10:24 | Build | Palisade Wall |
| 10:26 | Create | Villager (Male) |
| 10:41 | Create | Spearman |
| 10:49 | Create | Villager (Male) |
| 10:57 | Create | Skirmisher |
| 11:01 | Build | Farm |
| 11:02 | Create | Villager (Male) |
| 11:15 | Create | Villager (Male) |
| 11:22 | Build | Farm |
| 11:38 | Create | Villager (Male) |
| 11:39 | Build | Farm |
| 12:20 | Create | Villager (Male) |
| 12:34 | Create | Skirmisher |
| 12:34 | Create | Skirmisher |
| 12:35 | Create | Villager (Male) |
| 12:40 | Build | House |
| 12:41 | Build | House |
| 12:56 | Create | Villager (Male) |
| 12:58 | Build | Farm |
| 12:59 | Build | Farm |
| 13:00 | Create | Spearman |
| 13:22 | Build | Farm |
| 13:31 | Create | Spearman |
| 13:34 | Create | Villager (Male) |
| 13:50 | Build | Mining Camp |
| 13:55 | Create | Villager (Male) |
| 13:57 | Create | Archer |
| 14:20 | Build | Palisade Wall |
| 14:21 | Build | Palisade Wall |
| 14:24 | Build | House |
| 14:35 | Create | Spearman |
| 14:36 | Build | House |
| 14:39 | Create | Villager (Male) |
| 14:56 | Create | Villager (Male) |
| 15:03 | Build | Blacksmith |
| 15:06 | Build | House |
| 15:16 | Create | Villager (Male) |
| 15:17 | Create | Archer |
| 15:19 | Create | Spearman |
| 15:24 | Build | House |
| 15:29 | Build | Palisade Wall |
| 15:39 | Create | Villager (Male) |
| 15:44 | Build | Farm |
| 16:13 | Create | Archer |
| 16:15 | Create | Archer |
| 16:24 | Create | Villager (Male) |
| 17:00 | Create | Villager (Male) |
| 17:08 | Build | Archery Range |
| 17:38 | Build | House |
| 17:53 | Research | Castle Age |
| 17:56 | Create | Archer |
| 18:05 | Create | Archer |
| 18:05 | Create | Archer |
| 18:23 | Create | Archer |
| 18:23 | Create | Archer |
| 18:32 | Build | House |
| 18:34 | Build | Palisade Wall |
| 18:57 | Build | Lumber Camp |
| 19:30 | Create | Archer |
| 19:31 | Create | Archer |
| 19:33 | Create | Villager (Male) |
| 19:46 | Create | Archer |
| 19:47 | Create | Archer |
| 20:31 | Research | Fletching |
| 20:33 | Age | Castle Age |
| 20:38 | Build | Town Center |
| 20:40 | Research | Crossbowman (upgrade) |
| 20:43 | Create | Archer |
| 20:43 | Create | Archer |
| 20:51 | Create | Villager (Male) |
| 20:55 | Build | Town Center |
| 21:10 | Create | Archer |
| 21:10 | Create | Archer |
| 21:20 | Create | Villager (Male) |
| 21:28 | Create | Archer |
| 21:29 | Create | Archer |
| 21:49 | Create | Villager (Male) |
| 21:50 | Create | Archer |
| 21:50 | Create | Archer |
| 21:56 | Create | Villager (Male) |
| 22:07 | Research | Bow Saw |
| 22:11 | Build | Farm |
| 22:12 | Build | Farm |
| 22:13 | Build | Farm |
| 22:14 | Build | Farm |
| 22:14 | Build | Farm |
| 22:18 | Build | Farm |
| 22:36 | Create | Villager (Male) |
| 22:41 | Create | Villager (Male) |
| 22:42 | Create | Archer |
| 22:42 | Create | Archer |
| 22:59 | Create | Villager (Male) |
| 23:03 | Build | Farm |
| 23:06 | Build | Farm |
| 23:06 | Build | Farm |
| 23:09 | Create | Villager (Male) |
| 23:21 | Create | Archer |
| 23:21 | Create | Archer |
| 23:22 | Create | Villager (Male) |
| 23:38 | Create | Villager (Male) |
| 23:40 | Build | Farm |
| 23:46 | Build | House |
| 24:01 | Create | Villager (Male) |
| 24:02 | Create | Villager (Male) |
| 24:09 | Create | Villager (Male) |
| 24:15 | Create | Archer |
| 24:15 | Create | Archer |
| 24:19 | Build | House |
Build order — RoR | Hellequinn
First 150 of 594 actions detected
| 0:00 | Create | Villager (Male) ×4 |
| 0:00 | Create | Villager (Male) ×4 |
| 0:03 | Build | House |
| 0:09 | Build | House |
| 1:26 | Create | Villager (Male) |
| 1:49 | Build | Lumber Camp |
| 1:54 | Create | Villager (Male) |
| 2:15 | Create | Villager (Male) |
| 2:15 | Create | Villager (Male) |
| 2:47 | Create | Villager (Male) |
| 2:47 | Create | Villager (Male) |
| 3:21 | Create | Villager (Male) |
| 3:40 | Create | Villager (Male) |
| 3:51 | Build | House |
| 4:05 | Create | Villager (Male) |
| 4:05 | Create | Villager (Male) |
| 4:35 | Build | Mining Camp |
| 4:39 | Create | Villager (Male) |
| 4:41 | Create | Villager (Male) |
| 5:05 | Create | Villager (Male) |
| 5:47 | Create | Villager (Male) |
| 6:15 | Create | Villager (Male) |
| 6:19 | Create | Villager (Male) |
| 6:42 | Create | Villager (Male) |
| 6:46 | Research | Loom |
| 6:51 | Build | House |
| 7:10 | Build | House |
| 7:11 | Build | House |
| 7:13 | Create | Villager (Male) |
| 7:20 | Build | Palisade Wall |
| 7:31 | Build | Mill |
| 7:36 | Build | Palisade Wall |
| 7:39 | Build | Palisade Wall |
| 7:40 | Build | Palisade Wall |
| 7:48 | Create | Villager (Male) |
| 7:54 | Build | Donjon |
| 8:08 | Research | Feudal Age |
| 8:29 | Build | Palisade Wall |
| 8:48 | Build | Barracks |
| 9:08 | Create | Villager (Male) |
| 10:06 | Build | Outpost |
| 10:23 | Age | Feudal Age |
| 10:28 | Build | Palisade Wall |
| 10:29 | Build | Palisade Wall |
| 10:30 | Build | Palisade Wall |
| 10:33 | Build | Stable |
| 10:40 | Create | Villager (Male) |
| 10:44 | Research | Double-Bit Axe |
| 10:52 | Create | Villager (Male) |
| 10:54 | Build | House |
| 10:55 | Build | House |
| 10:57 | Build | Palisade Wall |
| 11:13 | Create | Villager (Male) |
| 11:16 | Create | Scout Cavalry |
| 11:16 | Create | Scout Cavalry |
| 11:26 | Build | Outpost |
| 11:30 | Create | Villager (Male) |
| 11:36 | Create | Villager (Male) |
| 11:44 | Build | Archery Range |
| 11:45 | Create | Villager (Male) |
| 11:54 | Build | Palisade Wall |
| 12:00 | Create | Scout Cavalry |
| 12:21 | Build | Outpost |
| 12:36 | Create | Villager (Male) |
| 12:51 | Create | Villager (Male) |
| 12:56 | Build | Farm |
| 12:56 | Build | Farm |
| 12:56 | Build | Farm |
| 12:57 | Build | Farm |
| 12:57 | Build | Farm |
| 12:58 | Create | Villager (Male) |
| 13:16 | Create | Villager (Male) |
| 13:19 | Create | Scout Cavalry |
| 13:29 | Build | Farm |
| 13:32 | Build | Farm |
| 13:36 | Build | Outpost |
| 13:51 | Build | Farm |
| 13:52 | Create | Villager (Male) |
| 14:07 | Create | Villager (Male) |
| 14:07 | Create | Villager (Male) |
| 14:20 | Build | Mill |
| 14:35 | Create | Villager (Male) |
| 14:37 | Build | Farm |
| 14:57 | Create | Villager (Male) |
| 15:01 | Build | Outpost |
| 15:15 | Create | Scout Cavalry |
| 15:33 | Create | Villager (Male) |
| 15:37 | Build | Farm |
| 15:39 | Build | Farm |
| 15:39 | Build | Farm |
| 15:40 | Build | Farm |
| 15:42 | Research | Horse Collar |
| 15:43 | Research | Horse Collar |
| 15:46 | Create | Villager (Male) |
| 16:05 | Create | Scout Cavalry |
| 16:28 | Create | Villager (Male) |
| 16:33 | Build | Market |
| 16:49 | Create | Villager (Male) |
| 17:10 | Build | House |
| 17:11 | Build | House |
| 17:11 | Build | House |
| 17:19 | Create | Villager (Male) |
| 17:42 | Create | Villager (Male) |
| 17:54 | Research | Castle Age |
| 17:57 | Build | House |
| 18:00 | Build | House |
| 18:00 | Build | House |
| 18:10 | Create | Villager (Male) |
| 18:12 | Create | Skirmisher |
| 18:13 | Create | Skirmisher |
| 18:30 | Create | Skirmisher |
| 18:54 | Create | Skirmisher |
| 18:57 | Build | Lumber Camp |
| 19:24 | Create | Skirmisher |
| 19:35 | Build | Farm |
| 19:36 | Build | Farm |
| 19:43 | Create | Skirmisher |
| 20:06 | Create | Villager (Male) |
| 20:16 | Build | Blacksmith |
| 20:34 | Age | Castle Age |
| 20:45 | Research | Elite Skirmisher (upgrade) |
| 20:46 | Research | Fletching |
| 20:47 | Research | Padded Archer Armor |
| 20:48 | Create | Villager (Male) |
| 20:57 | Research | Town Watch |
| 20:57 | Research | Town Watch |
| 21:04 | Create | Skirmisher |
| 21:30 | Build | Town Center |
| 21:49 | Create | Skirmisher |
| 21:58 | Create | Villager (Male) |
| 21:58 | Create | Villager (Male) |
| 21:59 | Create | Villager (Male) |
| 22:13 | Create | Villager (Male) |
| 22:17 | Build | Farm |
| 22:17 | Build | Farm |
| 22:17 | Build | Farm |
| 22:18 | Build | Farm |
| 22:18 | Build | Farm |
| 22:35 | Create | Skirmisher |
| 22:36 | Create | Villager (Male) |
| 22:39 | Research | Bodkin Arrow |
| 22:40 | Research | Leather Archer Armor |
| 22:50 | Build | Outpost |
| 23:00 | Create | Villager (Male) |
| 23:05 | Build | Outpost |
| 23:10 | Build | Outpost |
| 23:17 | Create | Skirmisher |
| 23:17 | Create | Skirmisher |
| 23:19 | Create | Villager (Male) |
| 23:19 | Create | Villager (Male) |
Match timeline
| 7:20 | RoR | Hellequinn · wall_segment Palisade Wall x1 |
| 7:25 | 01DarkDevil · first_building Barracks |
| 7:36 | RoR | Hellequinn · wall_segment Palisade Wall x1 |
| 7:39 | RoR | Hellequinn · wall_segment Palisade Wall x3 |
| 7:40 | RoR | Hellequinn · wall_segment Palisade Wall x3 |
| 7:54 | RoR | Hellequinn · first_building Donjon |
| 8:29 | RoR | Hellequinn · wall_segment Palisade Wall x1 |
| 8:48 | RoR | Hellequinn · first_building Barracks |
| 8:52 | 01DarkDevil · age_up feudal |
| 8:58 | 01DarkDevil · first_building Archery Range |
| 10:17 | 01DarkDevil · wall_segment Palisade Wall x6 |
| 10:22 | 01DarkDevil · wall_segment Palisade Wall x3 |
| 10:23 | RoR | Hellequinn · age_up feudal |
| 10:24 | 01DarkDevil · wall_segment Palisade Wall x8 |
| 10:28 | RoR | Hellequinn · wall_segment Palisade Wall x1 |
| 10:29 | RoR | Hellequinn · wall_segment Palisade Wall x1 |
| 10:30 | RoR | Hellequinn · wall_segment Palisade Wall x1 |
| 10:33 | RoR | Hellequinn · first_building Stable |
| 10:57 | RoR | Hellequinn · wall_segment Palisade Wall x3 |
| 11:44 | RoR | Hellequinn · first_building Archery Range |
| 11:54 | RoR | Hellequinn · wall_segment Palisade Wall x1 |
| 14:20 | 01DarkDevil · wall_segment Palisade Wall x4 |
| 14:21 | 01DarkDevil · wall_segment Palisade Wall x1 |
| 15:29 | 01DarkDevil · wall_segment Palisade Wall x1 |
| 17:46 | RoR | Hellequinn · first_market_buy 100 food |
| 18:34 | 01DarkDevil · wall_segment Palisade Wall x1 |
| 20:33 | 01DarkDevil · age_up castle |
| 20:34 | RoR | Hellequinn · age_up castle |
| 20:44 | RoR | Hellequinn · first_market_sell 100 food |
| 27:01 | RoR | Hellequinn · first_building Monastery |
| 30:24 | 01DarkDevil · first_building Castle |
| 34:24 | RoR | Hellequinn · age_up imperial |
| 34:47 | 01DarkDevil · age_up imperial |
| 35:08 | RoR | Hellequinn · first_building Castle |
| 40:32 | 01DarkDevil · first_market_buy 100 stone |
| 46:11 | 01DarkDevil · resign |
[ AI ANALYSIS · 1 CREDIT ]
What really happened in this match?
Wolo.gg analyzes every decision: build order, eco, micro, common mistakes by bracket. Personalized analysis on WhatsApp or Discord in 30 seconds.
Civ guide
Britons
Perfil
DarkDevil (01DarkDevil)